[Event "FIDE WSCC 65 2022"]
[Site "Assisi"]
[Date "2022.11.20"]
[Round "6.11"]
[White "Koehler, Gerhard"]
[Black "Binham, Timothy F."]
[Result "1/2-1/2"]
[ECO "A22"]
[WhiteElo "2198"]
[BlackElo "2284"]
[Annotator "TA"]
[PlyCount "104"]
[EventDate "2022.11.14"]
[EventType "swiss"]
[EventCountry "ITA"]
[SourceTitle "playchess.com"]
[Source "ChessBase"]
[SourceQuality "1"]
[TimeControl "40/5400+30:1800+30"]

1. c4 e5 2. Nc3 Nf6 3. g3 Bb4 4. Bg2 O-O 5. Nf3 Re8 6. O-O c6 7. Qc2 {[%emt 0:00:00] A22: English Opening: 1...e5 2 Nc3 Nf6.} d5 8. cxd5 cxd5 9. d4 e4 10. Nd2 Nc6 {[%emt 0:03:44] [#]} 11. Nb3 $146 ({Predecessor:} 11. e3 Be6 12. a3 Bd6 13. b4 Rc8 14. Qb3 Qd7 15. Na4 b6 16. Bb2 Bh3 17. Rac1 {0-1 (52) Samaganova,A (1917)-Voit,D (2347) Chess.com INT 2021}) 11... h6 {[%emt 0:04:25] Inhibits Bg5.} 12. Bf4 Bf5 (12... a5 $5 13. a4 Bd7 $15) 13. Rac1 Rc8 14. Qd2 b6 15. f3 Qd7 16. Rfe1 (16. g4 $15 Bg6 17. a3) 16... Re6 (16... Nh5 $17 17. Be3 Bh3) 17. Be3 (17. a3 $1 $15 Bxc3 18. Qxc3) 17... Rce8 (17... Ne8 {keeps more tension.} 18. Bf4 g5 19. g4 Bxg4 20. fxg4 gxf4 21. Qxf4 Rf6) 18. f4 $2 (18. a3 $17 Qe7 19. f4 (19. axb4 exf3 20. exf3 Rxe3 $15)) 18... h5 $19 19. h3 Ne7 {[%emt 0:04:57][%cal Oh5h4] White must now prevent ...h4!} 20. a3 (20. Bf2 $142) 20... Bd6 21. Nd1 Qb5 (21... h4 $142 22. g4 Nxg4 $1 23. hxg4 Bxg4) 22. Rc3 Bb8 23. Nf2 Rc6 24. Rec1 Rec8 25. Rxc6 Rxc6 26. Rxc6 Qxc6 ({And not} 26... Nxc6 27. Qc3 $17) 27. Kf1 (27. Qc1 {keeps fighting.}) 27... Bc8 {[%emt 0:01:53] ...Nf5 is the strong threat.} 28. Nd1 Ba6 29. Nc3 (29. Na1 $17 {was called for.}) 29... Nf5 30. Kf2 $2 (30. Bf2 {is a better defense.}) 30... Qd6 ({Not} 30... Qc4 $2 31. Na1 $19) 31. Na1 h4 (31... g5 $142 {Hoping for ...h4.} 32. Ke1 h4) 32. g4 Nxe3 33. Qxe3 Qxf4+ 34. Qxf4 Bxf4 35. Nc2 Bc4 36. Ne3 {[%emt 0:00:00] [#]} (36. e3 $17 Bg3+ 37. Kg1) 36... Bb3 $1 37. Nb1 Kf8 38. Nd2 Ba4 39. b3 Bc6 40. Nb1 g6 41. Nc2 Ke7 42. Nc3 Bb7 43. Nb5 a6 44. Nc3 Kd7 45. e3 Bg3+ 46. Kg1 Kd6 $2 ({Black should play} 46... Nh7 $19 {Strongly threatening ...Ng5.} 47. Nb4 Ke6) 47. Ne2 $1 $11 {[%emt 0:00:00] The position is equal.} g5 48. Bf1 a5 49. Nxg3 hxg3 50. Kg2 Bc6 51. Kxg3 Bd7 52. Be2 Ne8 {[%emt 0:00:00] And White is the lucky defender.   Weighted Error Value: White=0.29 (precise) /Black=0.32} 1/2-1/2

[Event "FIDE WSCC 65 2022"]
[Site "Assisi"]
[Date "2022.11.20"]
[Round "6.12"]
[White "Tocco, Paolo"]
[Black "Knaak, Rainer"]
[Result "0-1"]
[ECO "D00"]
[WhiteElo "2033"]
[BlackElo "2457"]
[Annotator "TA"]
[PlyCount "56"]
[EventDate "2022.11.14"]
[EventType "swiss"]
[EventCountry "ITA"]
[SourceTitle "playchess.com"]
[Source "ChessBase"]
[SourceQuality "1"]
[TimeControl "40/5400+30:1800+30"]

1. d4 d5 2. e4 dxe4 3. Nc3 Nf6 4. Bg5 Bf5 5. f3 Nbd7 6. g4 {[%emt 0:07:05] D00: 1 d4 d5: Unusual lines.} Bg6 7. Qe2 exf3 8. Nxf3 {[%emt 0:00:06] [#] Black is slightly better.} c6 $146 ({Predecessor:} 8... h6 9. Bxf6 Nxf6 10. O-O-O Nd5 11. Qb5+ c6 12. Qxb7 Qc8 13. Ba6 Nb6 14. Qxc8+ Nxc8 {1-0 (63) Evans,C (1867)-Head,L (1754) England 2013}) 9. O-O-O Qa5 10. h4 h5 $1 {[%emt 0:15:15] Strongly threatening ...Nd5.} 11. Bxf6 (11. Ne5 $1 $11 {keeps the balance.} Nxe5 12. dxe5 Nxg4 13. e6) 11... gxf6 $17 ({But not} 11... hxg4 $6 12. Ne5 gxf6 13. Nxg6 fxg6 14. Qxg4 $11) 12. g5 O-O-O 13. d5 fxg5 {[%emt 0:07:32] aiming for ...Bg7.} 14. dxc6 bxc6 15. Nd4 Ne5 16. Nb3 Rxd1+ 17. Kxd1 Qc7 {[%emt 0:01:08] ...g4 is the strong threat.} 18. Qa6+ Kb8 19. Bg2 $2 {[%emt 0:06:16] [#]} (19. hxg5 e6 20. Kc1) 19... Qb6 (19... g4 $142 {White must now prevent ...Bh6.} 20. Kc1 Bg7) 20. Qe2 $19 Bg7 21. Kc1 $2 (21. hxg5 h4 22. Kc1) 21... g4 22. Rd1 Rd8 23. Rxd8+ Qxd8 24. Nc5 Qd4 25. N3a4 (25. Nb3 $142 Qg1+ 26. Nd1) 25... Bh6+ 26. Kb1 Qe3 {[%emt 0:00:25][%csl Gh6][%cal Re3c1] [#]} 27. Qd1 {[%emt 0:00:58][%cal Rd1d8] Prevents Qc1+.} Qd2 {[%emt 0:00:11][%cal Rd2d1] Prevents Qd8+.} 28. Qf1 Bxc2+ {[%emt 0:01:18] Weighted Error Value: White=0.81/Black=0.38} (28... Qxc2+ $142 29. Ka1 Bc1 30. Be4 Bxe4 31. Nxe4 Nc4 32. Qxc4 Qxc4 33. Nec5 g3 34. Nd7+ Kc7 35. Ne5 Qxa4 36. Kb1 Bf4 37. b3 Qe4+ 38. Nd3 Qxd3+ 39. Kb2 Be5+ 40. Kc1 g2 41. b4 g1=Q#) 0-1

[Event "FIDE WSCC 65 2022"]
[Site "Assisi"]
[Date "2022.11.20"]
[Round "6.13"]
[White "Renman, Nils-Gustaf"]
[Black "Smolin, Sergey"]
[Result "1-0"]
[ECO "A59"]
[WhiteElo "2320"]
[BlackElo "2106"]
[Annotator "TA"]
[PlyCount "121"]
[EventDate "2022.11.14"]
[EventType "swiss"]
[EventCountry "ITA"]
[SourceTitle "playchess.com"]
[Source "ChessBase"]
[SourceQuality "1"]
[TimeControl "40/5400+30:1800+30"]

1. d4 Nf6 2. Nf3 g6 3. c4 c5 4. d5 b5 5. cxb5 a6 6. bxa6 Bxa6 7. Nc3 d6 8. e4 Bxf1 9. Kxf1 Nbd7 10. g3 Bg7 11. Kg2 O-O 12. Qe2 Qa5 $1 {[%emt 0:00:11] A59: Benko/Volga Gambit: White castles by hand.} 13. Bd2 $1 {[%emt 0:07:39] 13.Bd2 is better than 13.a4.} Rfb8 14. Rhb1 Qa6 {[%emt 0:01:01] Strongly threatening ...Qxe2. The position is equal.} 15. Qxa6 (15. Qd1 {is interesting.} Nxe4 16. Nxe4 Bxb2 17. Bh6) 15... Rxa6 16. a4 Ng4 {[%emt 0:03:09] [#]} (16... Rb4 $11) 17. Ne1 $146 ({Better is} 17. a5 $14) ({Predecessor:} 17. Nb5 h6 18. b3 Bxa1 19. Rxa1 Rxb5 {0-1 (19) Pesotskiy,M (2217)-Curtis,J (2292) Chess.com INT 2022}) 17... c4 (17... Bd4 $1 $11) 18. f3 (18. h3 $1 $14 Nge5 19. Be3) 18... Nge5 $11 19. Be3 $36 {[%emt 0:01:01][%mdl 2048] Black is under pressure.} Rb3 20. Nc2 Nd3 21. Nd4 Rb7 (21... Bxd4 $5 22. Bxd4 Nxb2 $11) 22. Ra3 N7c5 (22... Bxd4 $5 23. Bxd4 Nb4 $11) 23. a5 Nb3 (23... Bxd4 $11 24. Bxd4 Rb3) 24. Nxb3 Rxb3 (24... cxb3 $16 25. f4 f5) 25. Rxb3 $18 cxb3 26. Bb6 {[%emt 0:00:31] aiming for Nb5.} Nxb2 27. Nb5 (27. Rxb2 $18 {and White stays clearly on top.} Bxc3 28. Rxb3 Bxa5 29. Bd4) 27... Nc4 $16 28. Nc7 Rxa5 29. Bxa5 Nxa5 {[%emt 0:58:29][%mdl 4096] Endgame [#] KRN-KBN} 30. Nb5 $1 b2 31. Kf2 f5 32. exf5 gxf5 {[%emt 0:00:05] [#]} (32... Nc4 $1 $11) 33. Ke3 ({White should try} 33. Na3 $1 $16) 33... Kf7 (33... Nc4+ $11 {remains equal.} 34. Kd3 Ne5+ 35. Kc2 Nxf3) 34. Kd3 Nb3 {[%emt 0:01:46] Prevents Nd4.} 35. Nc3 Nc5+ 36. Kc2 e6 {[%emt 0:03:19] A mistake that costs the game.} (36... h5 $16) 37. dxe6+ (37. Rxb2 Bxc3 38. dxe6+ Kxe6 39. Kxc3 Na4+ 40. Kc2 Nxb2 41. Kxb2 Ke5 $11) 37... Kxe6 38. Re1+ ({Stronger than} 38. Rxb2 Bxc3 39. Kxc3 Na4+ 40. Kc2 Nxb2 41. Kxb2 h5 $11) 38... Kd7 39. Nd1 Bd4 40. Re2 ({Weaker is} 40. Nxb2 Bxb2 41. Rb1 Be5 $17) 40... Na4 41. Rd2 Bf6 (41... Be5 $142 42. f4 Bf6) 42. Rd5 $18 Ke6 43. Rb5 h5 44. Rb4 Nc5 45. Nxb2 f4 (45... Na6 $142) 46. Nd3 fxg3 47. Nf4+ Kf5 48. hxg3 h4 49. g4+ {[%emt 0:00:00] White is clearly winning.} Ke5 50. Nh3 {[%emt 0:00:00] Against Bg5} Ne6 (50... Ke6 $142 51. g5 Be5 52. Rxh4 Kf5) 51. f4+ Kd5 52. g5 Bd8 53. Kd3 {[%emt 0:00:00] Inhibits Nd4.} Nc5+ 54. Ke3 Ke6 55. Rb8 Be7 56. Kf3 d5 57. Kg4 {[%emt 0:00:00] Threatens to win with f5+.} d4 58. f5+ Kf7 59. f6 Bd6 60. Rb6 Ne4 61. Nf4 {[%emt 0:03:19] Weighted Error Value: White=0.13 (very precise) /Black=0.39} 1-0

[Event "FIDE WSCC 65 2022"]
[Site "Assisi"]
[Date "2022.11.20"]
[Round "6.14"]
[White "Harestad, Thor Geir"]
[Black "Cocozza, Mario"]
[Result "1/2-1/2"]
[ECO "D86"]
[WhiteElo "2115"]
[BlackElo "2298"]
[Annotator "TA"]
[PlyCount "106"]
[EventDate "2022.11.14"]
[EventType "swiss"]
[EventCountry "ITA"]
[SourceTitle "playchess.com"]
[Source "ChessBase"]
[SourceQuality "1"]
[TimeControl "40/5400+30:1800+30"]

1. d4 Nf6 2. c4 g6 3. Nc3 d5 4. cxd5 Nxd5 5. e4 Nxc3 6. bxc3 Bg7 7. Be3 c5 8. Qd2 Qa5 9. Bc4 Nc6 10. Ne2 cxd4 11. cxd4 Qxd2+ 12. Kxd2 O-O {[%emt 0:00:20] D86: Exchange Grünfeld: Classical Line (7 Bc4).} 13. Rhd1 Rd8 14. Ke1 Na5 15. Rac1 Bd7 16. Bd3 Rdc8 {[%emt 0:01:08] Prevents Rc7.} (16... Ba4 $5 ) 17. Kd2 e6 18. Rxc8+ Rxc8 19. Rc1 {[%emt 0:01:17] Against Nc4+} Rxc1 20. Kxc1 {[%emt 0:00:14] [#]} a6 $146 ({Predecessor:} 20... Kf8 21. Bd2 Nc6 22. Bc3 Ke8 23. Kb2 Kd8 24. Kb3 Bf8 25. d5 exd5 26. exd5 Ne7 27. Bf6 Kc8 {1-0 (62) Murali Krishnan,B (2412)-Purushothaman,T (2303) Nagpur 2008}) 21. Kc2 Kf8 22. Kc3 Ke8 23. Bc1 Bf8 24. e5 Bc6 25. f3 Bd5 26. a3 b5 27. Nf4 Bc4 28. Bxc4 Nxc4 $11 {[%emt 0:00:12][%mdl 4096] Endgame KBN-KBN} 29. a4 Kd7 30. axb5 axb5 31. Nd3 Kc6 32. Nf2 Kd5 33. Ne4 h6 34. Kd3 g5 35. Nf6+ (35. g4 $5 ) 35... Kc6 36. f4 gxf4 37. Bxf4 Nb6 38. Ne4 Nd5 39. Bc1 (39. Bd2 $11) 39... Kb6 (39... Nb4+ $17 40. Ke2 Nc2) 40. g4 Ka5 (40... Nb4+ $11 {is superior.} 41. Ke2 Nc2) 41. h4 Nb4+ $1 42. Kd2 Nc6 43. Ke3 (43. Kc3 $1 $16) 43... Kb4 44. Nd6 $1 f6 {[%emt 0:00:29] [#]} 45. Ke4 (45. Nxb5 $1 $16 {Threatens to win with Ba3+.} Kxb5 46. exf6) 45... Nd8 $2 (45... fxe5 $11 46. dxe5 Ka4) 46. d5 $2 (46. exf6 $18 Nc6 {[#]} 47. g5 $1 hxg5 48. hxg5 $1) 46... fxe5 {[%emt 0:05:17] The position is equal.} 47. Kxe5 (47. dxe6 {simplifies} Nxe6 48. Kxe5 Nc7 49. Bd2+) 47... Bg7+ 48. Ke4 Kc5 49. Ba3+ b4 50. Bxb4+ Kxb4 51. dxe6 Nxe6 52. Kf5 Nf8 53. Ne8 Bd4 {[%emt 0:11:43] Weighted Error Value: White=0.34/Black=0.10 (very precise)} 1/2-1/2

[Event "FIDE WSCC 65 2022"]
[Site "Assisi"]
[Date "2022.11.20"]
[Round "6.15"]
[White "Werner, Clemens"]
[Black "Biro, Sandor"]
[Result "1-0"]
[ECO "B00"]
[WhiteElo "2236"]
[BlackElo "2084"]
[Annotator "TA"]
[PlyCount "108"]
[EventDate "2022.11.14"]
[EventType "swiss"]
[EventCountry "ITA"]
[SourceTitle "playchess.com"]
[Source "ChessBase"]
[SourceQuality "1"]
[TimeControl "40/5400+30:1800+30"]

1. e4 Nc6 2. Nf3 Nf6 3. e5 Ng4 4. d4 d6 5. h3 Nh6 6. Nc3 Bf5 {[%emt 0:20:29] B00: Queen's Fianchetto Defence, Nimzowitsch Defence.} (6... a6 $142) 7. g4 $16 {[%emt 0:07:25] [#]} Bd7 $146 ({Predecessor:} 7... Bg6 8. d5 Nb4 9. Bb5+ c6 10. Ba4 Qc7 11. a3 Na6 12. dxc6 O-O-O 13. cxb7+ Qxb7 14. Qe2 Nc5 15. Bb5 Kb8 16. O-O Ne4 17. Ba6 Qc6 18. Nd4 Qc5 19. Be3 dxe5 20. Ne6 Qd6 21. Qb5+ {1-0 (21) Andersen,I (2137)-Lavrsen,F (1804) Hillerod 2017}) 8. Bg5 Ng8 {[%emt 0:07:38] White is clearly better.} 9. Bg2 h5 (9... Qc8 $16 10. Qe2 e6 11. exd6 Bxd6) 10. e6 $18 fxe6 11. Qd3 Qc8 12. Be3 Nh6 13. Qg6+ Kd8 14. O-O-O (14. Qxh5 Be8 15. Qh4 g6 $16) (14. Ng5 $142) 14... Be8 15. Qe4 {[%emt 0:02:21][%mdl 1024] White has strong compensation.} d5 16. Qf4 ({Better is} 16. Qd3 $1 $18) 16... Nf7 17. g5 {[%emt 0:05:04] White has more active pieces. The black rooks are badly placed.} Nd6 18. Nh4 g6 19. Qg3 (19. Qf3 $14) 19... Bg7 20. f4 (20. Ne2 $14) 20... b5 21. Rhe1 Qa6 {[%emt 0:02:36] Strongly threatening ...b4.} 22. Kb1 b4 (22... Rb8 $11 {is more appropriate.}) 23. Ne2 $1 $14 {[%emt 0:00:10] Nc1 is the strong threat.} Rb8 24. Nc1 $1 b3 (24... Na5 $14) 25. Nxb3 $2 (25. axb3 $16 {keeps the pressure on. And now Bf2 would win.} Rg8 26. Bf2) 25... Qb6 $2 (25... Nb4 $1 $19 26. Nc1 Nc4) 26. Bf2 a5 {[%emt 0:02:02] [#]} 27. Qc3 $1 {[%emt 0:00:38] aiming for Nc5.} ({Reject} 27. Rxe6 a4 $11) 27... Bf7 (27... Nb5 $16 28. Qc5 a4) 28. a4 Nc4 (28... Rf8 $16 {was necessary.}) 29. Nf3 Qa7 (29... Kc8 $142 30. Nfd2 Nd6) 30. Ne5 $2 (30. Nfd2 $18 {is more deadly.} Nxd2+ 31. Rxd2 Rxb3 32. cxb3) 30... N6xe5 $16 31. fxe5 Bxe5 $2 32. dxe5 Qxf2 33. Bf1 Rb4 34. Bxc4 Rxc4 35. Qd3 {[%emt 0:00:11] Threatens to win with Rf1.} Qh4 $2 (35... Be8 36. Rf1 Qh4) 36. Nxa5 $18 Rxa4 37. Nb7+ (37. Qb5) 37... Kc8 38. Nc5 Ra5 {[%emt 0:00:50] Inhibits Qb5.} 39. Qc3 Rb5 {[%emt 0:00:48] [#]} 40. Rf1 $2 $40 {[%emt 0:00:06][%mdl 128] White mounts an attack.} (40. Rd4 $1 $18 Rxc5 41. Qe3 (41. Rxh4 Rxc3 42. bxc3 Be8 $18) 41... Qxd4 42. Qxd4) 40... Be8 $2 (40... Qc4 $11 {and Black stays safe.} 41. Qxc4 dxc4) 41. Rd4 Rxc5 42. Rxh4 Rxc3 43. bxc3 {[%emt 0:00:00][%mdl 4096] Endgame KRR-KRB} c5 (43... Bc6 {was worth a try.} 44. Rf7 Kd8) 44. Rhf4 {[%emt 0:00:00] White is clearly winning.} Bb5 (44... c4 $142 45. Kc1 Rg8) 45. Rf8+ Kd7 46. R1f2 ({Not} 46. Rxh8 Bxf1 47. Rg8 Bxh3 $16) 46... Rxf8 47. Rxf8 {[%emt 0:00:00] KR-KB} d4 48. cxd4 cxd4 49. Rg8 Kc6 50. Rxg6 Kd5 51. Rh6 {[%emt 0:00:00] Black must now prevent g6.} Kxe5 52. Rxh5 d3 53. Kc1 {[%emt 0:00:00] Intending g6+ and mate.} Ba4 54. cxd3 Kd5 {[%emt 0:07:02] Weighted Error Value: White=0.67/Black=0.85} 1-0